Map: Site Delta LE

Players

ProfProstate - Winner!

  • Race: Zerg Zerg
  • League: Diamond
  • Spawn Location: 11:00

SubN

  • Race: Zerg Zerg
  • League: Diamond
  • Spawn Location: 5:00

VOD

Have the link to the VOD?

Description

Time

  • Played on: Dec. 22, 2023, 10:28 p.m.
  • Length: 7:08
Show
View Real Time Build Order
Export as new Build Order

ProfProstate Zerg - Winner!

Build Orders: Hatch First 

Get SALT Encoding   

  12  0:00  Drone  
  13  0:12  Overlord  
  13  0:17  Drone  
  14  0:31  Drone x2  
  14  0:35  Drone  
  17  0:52  Hatchery  
  17  0:56  Drone  
  17  0:59  Extractor  
  17  1:03  Drone  
  17  1:15  Spawning Pool  
  16  1:20  Drone  
  16  1:24  Drone  
  18  1:32  Drone  
  19  1:39  Drone  
  20  1:49  Overlord  
  20  2:04  Queen x2  
  20  2:05  Zergling x4  
  26  2:29  Drone  
  27  2:32  Hatchery  
  26  2:42  Roach Warren  
  25  2:45  Drone x2  
  27  2:53  Queen  
  29  3:06  Drone x3  
  29  3:09  Overlord  
  32  3:15  Extractor  
  31  3:26  Zergling x2, Overlord  
  32  3:27  Roach  
  32  3:29  Roach  
  36  3:38  Drone x3  
  39  3:48  Roach x2  
  43  3:51  Roach  
  45  4:05  Roach  
  45  4:06  Roach x2  
  45  4:08  Drone  
  52  4:16  Roach x2  
  53  4:25  Drone x4  
  57  4:31  Overlord  
  57  4:34  Overlord  
  55  4:41  Queen  
  56  4:58  Roach x2  
  56  4:59  Roach x3  
  66  5:07  Roach  
  66  5:08  Roach  
  66  5:23  Drone x2  
  66  5:26  Overlord x3  
  68  5:33  Overlord  
  68  5:39  Overlord  
  68  5:41  Overlord  
  68  5:45  Overlord  
  68  6:01  Ravager x9  
  68  6:03  Roach  
  79  6:15  Evolution Chamber x2  
  77  6:23  Roach  
  77  6:24  Roach x3  
  85  6:37  Roach x3  
  91  6:44  Roach  
Show
View Real Time Build Order
Export as new Build Order

SubN Zerg 

Build Orders: Pool First 

Get SALT Encoding   

  12  0:00  Drone  
  13  0:12  Overlord  
  13  0:17  Drone  
  14  0:30  Drone x2  
  14  0:34  Drone  
  17  0:44  Spawning Pool  
  17  0:47  Drone  
  17  0:51  Extractor  
  16  1:10  Hatchery  
  15  1:14  Drone  
  15  1:17  Drone  
  17  1:22  Drone  
  18  1:34  Queen  
  20  1:42  Overlord  
  20  1:48  Drone  
  20  1:50  Drone  
  22  1:56  Metabolic Boost  
  22  2:03  Overlord  
  22  2:20  Drone  
  22  2:21  Queen  
  25  2:25  Drone  
  25  2:26  Drone  
  27  2:35  Drone x2  
  29  2:49  Drone x2  
  29  2:50  Drone x2  
  33  2:54  Drone x2  
  35  3:01  Overlord  
  35  3:06  Overlord  
  35  3:14  Drone  
  35  3:19  Extractor  
  35  3:20  Drone x2  
  35  3:24  Drone x2  
  39  3:29  Drone  
  39  3:30  Drone  
  39  3:31  Drone  
  42  3:40  Zergling x4  
  44  3:41  Overlord  
  44  3:52  Baneling Nest, Zergling x10  
  48  4:00  Drone  
  49  4:05  Overlord x2  
  49  4:06  Overlord x2  
  49  4:19  Zergling x4  
  49  4:24  Zergling x2  
  52  4:28  Zergling x8  
  56  4:37  Zergling x2  
  56  4:38  Zergling x6  
  59  4:46  Zergling x2  
  44  5:30  Drone x3  
  44  5:31  Drone, Roach Warren  
  44  5:33  Zergling x4  
  44  5:34  Zergling x2, Extractor  
  49  5:38  Lair  
  49  5:42  Zergling x4  
  51  5:47  Extractor  
  50  5:50  Overlord  
  50  5:55  Drone  
  51  6:02  Drone  
  51  6:03  Drone x3  
  55  6:18  Hatchery  
  54  6:27  Roach  
  54  6:28  Roach x7  
  71  6:34  Roach  
  72  6:43  Roach x4  
Tags
 
Add a new tag
Caveats
  • Supply blocks, unpowered buildings, or Contaminate may cause inaccurate times.
  • Supply counts are checked every 10 seconds.